 Dungeon Crawl Stone Soup version 0.26-a0-466-g989023bd0d (webtiles) character file.

Game seed: 6358798771673250227

176500 Morbidden the Warrior (level 18, -16/184 HPs)
             Began as an Ogre Conjurer on July 29, 2020.
             Was the Champion of Cheibriados.
             Shot with a bolt by a naga sharpshooter (24 damage)
             ... on level 2 of the Snake Pit.
             The game lasted 01:46:14 (41360 turns).

Morbidden the Warrior (Ogre Conjurer)              Turns: 41360, Time: 01:46:14

Health: -16/184    AC:  7    Str: 39    XL:     18   Next: 13%
Magic:  15/57      EV: 17    Int: 40    God:    Cheibriados [******]
Gold:   1821       SH:  0    Dex: 24    Spells: 37/52 levels left

rFire    . . .     SeeInvis .   a - staff of conjuration
rCold    . . .     Faith    .   (no shield)
rNeg     . . .     Spirit   .   P - +2 robe {Archmagi}
rPois    +         Reflect  .   k - +0 hat
rElec    .         Harm     .   o - +1 cloak {rPois}
rCorr    .                      (gloves unavailable)
MR       +....                  (boots unavailable)
Stlth    +++++.....             H - amulet of magic regeneration
HPRegen  0.40/turn              Y - ring of magical power
MPRegen  0.60/turn              q - ring "Ahecafot" {rPois MP+9 Str+6}

@: marked, studying 2 skills, very slow
A: large, unfitting armour, camouflage 1, agile 1, frail 1, strong 1, tough skin
1, sturdy frame 1
a: Bend Time, Temporal Distortion, Slouch, Step From Time, Renounce Religion


You were on level 2 of the Snake Pit.
You worshipped Cheibriados.
Cheibriados was exalted by your worship.
You visited 5 branches of the dungeon, and saw 26 of its levels.
You also visited: Gauntlet and Ice Cave.

You collected 2787 gold pieces.
You spent 966 gold pieces at shops.

Inventory:

Hand Weapons
 b - a +2 dagger of electrocution
 d - a +2 demon whip of draining
Missiles
 x - 18 javelins
 L - 15 silver javelins
 T - 6 curare-tipped darts (quivered)
Armour
 k - a +0 hat (worn)
 o - a +1 cloak of poison resistance (worn)
 K - a +1 troll leather armour
 P - a +2 robe of the Archmagi (worn)
 S - a +2 robe of cold resistance
Magical Staves
 a - an uncursed staff of conjuration (weapon)
Jewellery
 l - the ring of the Real Monster {+Fly rF+}
   (You found it on level 5 of the Lair of Beasts)

   [ring of flight]

   It protects you from fire.
   It lets you fly.
 m - an uncursed ring of poison resistance
 q - the ring "Ahecafot" (right hand) {rPois MP+9 Str+6}
   (You bought it in a shop on level 2 of the Orcish Mines)

   [ring of magical power]

   It affects your strength (+6).
   It protects you from poison.
   It affects your magic capacity (+9).
 r - the ring "Anouxits" {rC+ MR- Str+5 Int+6}
   (You found it in a Gauntlet)

   [ring of protection from cold]

   It affects your strength (+5).
   It affects your intelligence (+6).
   It protects you from cold.
   It affects your resistance to hostile enchantments.
 y - an uncursed ring of protection from cold
 H - an amulet of magic regeneration (around neck)
 O - a +4 ring of protection
 Y - a ring of magical power (left hand)
Wands
 A - a wand of disintegration (32)
 F - a wand of flame (51)
 I - a wand of iceblast (28)
 M - a wand of digging (8)
 Q - a wand of clouds (9)
 W - a wand of acid (9)
Scrolls
 f - 2 scrolls of amnesia
 g - 13 scrolls of remove curse
 j - 4 scrolls of teleportation
 p - 8 scrolls of magic mapping
 z - 6 scrolls of immolation
 B - 4 scrolls of fear
 C - 2 scrolls of blinking
 N - 3 scrolls of enchant weapon
 V - a scroll of fog
 Z - 2 scrolls of enchant armour
Potions
 c - 4 potions of stabbing
 e - 8 potions of lignification
 i - 4 potions of degeneration
 n - 8 potions of curing
 s - a potion of mutation
 t - 4 potions of cancellation
 u - 6 potions of resistance
 v - a potion of invisibility
 w - a potion of heal wounds
 D - a potion of brilliance
 J - a potion of ambrosia
 U - 2 potions of flight
Books
 h - a manual of Fighting
 E - a manual of Translocations
Miscellaneous
 G - a lightning rod (4/4)
 R - a tin of tremorstones (3/3)


   Skills:
 * Level 18.6 Fighting
 + Level 6.2 Short Blades
 + Level 2.0(2.1) Maces & Flails
 + Level 0.6(1.5) Staves
 + Level 2.2 Throwing
 + Level 2.6 Armour
 + Level 7.9 Dodging
 + Level 6.1 Stealth
 * Level 17.8 Spellcasting
 + Level 10.0 Conjurations
 + Level 1.6 Hexes
 + Level 12.1 Translocations
 + Level 5.4 Air Magic
 * Level 11.9 Invocations
 + Level 1.5 Evocations


You had 37 spell levels left.
You knew the following spells:

 Your Spells              Type           Power        Failure   Level
a - Airstrike             Air            #######...   1%          4
b - Searing Ray           Conj           ######       1%          2
c - Fulminant Prism       Conj/Hex       ########..   1%          4
d - Magic Dart            Conj           ####         0%          1
z - Iskenderun's Mystic   Conj/Tloc      ########     1%          4

Your spell library contained the following spells:

 Spells                   Type           Power        Failure   Level
 Gell's Gravitas          Tloc           ########..   0%          3
 Corona                   Hex            ######.      1%          1
 Shock                    Conj/Air       ####         1%          1
 Passwall                 Tmut/Erth      ######..     1%          2
 Slow                     Hex            ######..     1%          2
 Swiftness                Air            #######.     1%          2
 Confusing Touch          Hex            ######..     1%          3
 Dazzling Flash           Conj/Hex       ######       1%          3
 Inner Flame              Hex/Fire       ######..     1%          3
 Portal Projectile        Hex/Tloc       ######       1%          3
 Static Discharge         Conj/Air       ########     1%          3
 Passage of Golubria      Tloc           N/A          1%          4
 Lightning Bolt           Conj/Air       ########..   1%          5
 Fireball                 Conj/Fire      ########..   2%          5
 Cause Fear               Hex            ######....   4%          4
 Silence                  Hex/Air        #######...   4%          5
 Leda's Liquefaction      Hex/Erth       ######....   5%          4
 Petrify                  Tmut/Erth      ######..     8%          4
 Metabolic Englaciation   Hex/Ice        ######....   16%         5
 Yara's Violent Unravell  Hex/Tmut       ######....   16%         5
 Starburst                Conj/Fire      ########..   16%         6
 Lee's Rapid Deconstruct  Erth           ######....   22%         5
 Invisibility             Hex            ######..     52%         6
 Discord                  Hex            ######....   100%        8


Dungeon Overview and Level Annotations

Branches:
Dungeon (15/15)            Temple (1/1) D:4            Lair (6/6) D:11
 Shoals (0/4) Lair:3        Snake (2/4) Lair:2        Slime (0/5) Lair:6
    Orc (2/2) D:12            Elf (0/3) Orc:2        Vaults (0/5) D:13
 Depths (0/5) D:15          IceCv (visited)         Gauntlet (visited)

Altars:
Ashenzari
Cheibriados
Dithmenos
Elyvilon
Fedhas
Gozag
Hepliaklqana
Kikubaaqudgha
Makhleb
Nemelex Xobeh
Okawaru
Qazlal
Ru
Sif Muna
Trog
Uskayaw
Vehumet
Wu Jian
Xom
Yredelemnul
Zin
The Shining One
Beogh

Shops:
D:5 [   D:11 *   D:12 [   D:15 =   Orc:2 !=*[


Innate Abilities, Weirdness & Mutations

You are too large for most types of armour.
You have tough skin. (AC +1)
Your skin changes colour to match your surroundings (Stealth+).
You are agile. (Dex +2)
You are frail. (-10% HP)
Your muscles are strong. (Str +2)
Your movements are slightly less encumbered by armour. (ER -2)


Message History

The black mamba barely misses you.
The naga ritualist hits you but does no damage.
The naga ritualist grabs you.
You stop ascending the stairs.
* * * LOW HITPOINT WARNING * * *
The naga ritualist constricts you.
Unknown command.
Unknown command.
Unknown command.
Casting: Iskenderun's Mystic Blast (safe; 1% risk of failure)
Confirm with . or Enter, or press ? or * to list all spells.
You feel a strong surge of power!
You erupt in a blast of force!
The mystic blast hits the naga ritualist.
The naga ritualist is heavily wounded.
The naga ritualist loses its grip on you.
The naga ritualist is knocked back by the mystic blast.
The mystic blast hits the black mamba!
You kill the black mamba!
Cheibriados thoroughly appreciates the change of pace.
The naga sharpshooter shoots a bolt.
The bolt hits you!!
You die...

..................#
.....)NN..........#
.......(..........#
..........####'''##
#.......)((N.#...###.#
##........##N..N.....#
#++########.........#
#†..#######
#.#####@..#
#......)..#
#.######''####
#........# +........#
+........# #........#
#........# #........#


You could see 2 naga sharpshooters and a naga ritualist.

Vanquished Creatures
  Jorgrun (D:13)
  Rupert (D:12)
  Frances (D:14)
  A frost giant (IceCv)
  3 orc warlords
  The ghost of Qit Vam the Blocker, a journeyman DDFi of Makhleb (Orc:1)
  The ghost of Hufinal the Gelid, a journeyman CeWz of Vehumet (Lair:5)
  A minotaur (Gauntlet)
  An ettin (Orc:2)
  Snorg (D:13)
  Josephine (D:11)
  A fire dragon (D:15)
  An ice dragon (D:15)
  Fannar (Lair:1)
  7 hydras
  2 naga warriors (Snake:1)
  2 catoblepae
  19 two-headed ogres
  2 anacondas
  2 centaur warriors (D:15)
  2 ogre magi
  3 tengu warriors (D:13)
  Nergalle (Lair:2)
  6 death yaks
  A shock serpent (Snake:1)
  4 orc high priests (Orc:2)
  3 unseen horrors
  2 naga ritualists (Snake:1)
  An orange crystal statue (Gauntlet)
  A deep elf mage (D:15)
  4 orc knights
  2 mana vipers
  3 manticores
  4 orc sorcerers
  4 oklob plants (Lair:4)
  10 ugly things
  2 cyclopes
  3 salamanders
  2 large abominations (Gauntlet)
  2 centaur zombies
  3 naga magi (Snake:1)
  20 black mambas
  16 elephants
  17 cane toads
  An ice statue (IceCv)
  4 komodo dragons
  A gargoyle (D:15)
  3 minotaur zombies (Gauntlet)
  3 rime drakes
  A yaktaur (D:14)
  3 efreet
  A freezing wraith (D:14)
  8 trolls
  2 queen bees
  19 polar bears
  6 hornets
  Prince Ribbit (Lair:1)
  15 blink frogs
  8 slime creatures
  A dream sheep (Lair:6)
  16 hippogriffs
  2 spectral orcs (Orc:1)
  A centaur simulacrum (D:15)
  8 redbacks (D:15)
  3 shadows
  6 wraiths
  6 wyverns
  11 spriggans (Lair:6)
  51 yaks
  3 basilisks
  2 steam dragons
  6 vampire mosquitoes (Lair:6)
  12 nagas
  6 wargs
  3 insubstantial wisps (Lair:6)
  21 water moccasins
  11 porcupines
  4 black bears (Lair:6)
  52 orc warriors
  3 ice beasts
  2 phantoms
  5 sky beasts
  A necrophage (D:10)
  3 eyes of draining
  22 ogres
  48 wolves
  4 boggarts (Lair:6)
  16 centaurs
  14 crocodiles
  2 big kobolds
  6 small abominations (Gauntlet)
  11 bullfrogs
  A spectral warg (Orc:1)
  5 scorpions
  14 killer bees
  5 wights (D:7)
  4 howler monkeys (D:7)
  3 electric eels
  2 bullfrog zombies
  A quasit (D:5)
  7 jellies
  27 orc priests
  7 hounds
  A bullfrog skeleton (D:5)
  5 centaur skeletons
  4 iguanas
  23 orc wizards
  Natasha (thrice) (D:2)
  12 worker ants
  A worker ant zombie (D:5)
  3 howler monkey skeletons
  8 gnolls
  34 adders
  An ogre simulacrum (Orc:1)
  4 white imps
  3 orc simulacra (Orc:1)
  5 ufetubi
  9 oozes
  An adder zombie (D:7)
  An adder skeleton (D:5)
  5 worms
  6 dart slugs
  5 leopard geckos
  109 orcs
  2 giant cockroaches
  9 goblins
  6 hobgoblins
  16 jackals
  4 quokkas
  A ball python (D:1)
  8 bats
  5 frilled lizards
  20 kobolds
  A leopard gecko skeleton (D:8)
  A quokka zombie (D:5)
  4 rats
  3 fulminant prisms (Lair:4)
  4 fungi
  16 plants
1023 creatures vanquished.

Vanquished Creatures (others)
  A jelly (Lair:6)
  An ooze (Lair:6)
  30 fulminant prisms
  8 fungi
  31 plants
  4 toadstools (D:1)
75 creatures vanquished.

Grand Total: 1098 creatures vanquished

Notes
Turn   | Place    | Note
-------+----------+-------------------------------------------
     0 | D:1      | Morbidden the Ogre Conjurer began the quest for the Orb.
     0 | D:1      | Reached XP level 1. HP: 16/16 MP: 3/3
   193 | D:1      | Reached XP level 2. HP: 26/26 MP: 1/5
   378 | D:1      | Reached skill level 1 in Fighting
   406 | D:1      | Learned a level 2 spell: Searing Ray
   477 | D:1      | Reached XP level 3. HP: 33/33 MP: 1/6
  1406 | D:2      | Reached XP level 4. HP: 41/41 MP: 8/8
  1710 | D:2      | Found a burning altar of Makhleb.
  1877 | D:2      | Noticed Natasha
  1885 | D:2      | Killed Natasha
  1885 | D:2      | Reached skill level 1 in Short Blades
  2157 | D:2      | Noticed Natasha
  2159 | D:2      | Killed Natasha
  2159 | D:2      | Reached XP level 5. HP: 49/49 MP: 5/9
  2264 | D:2      | Reached skill level 2 in Fighting
  2380 | D:2      | Noticed Natasha
  2383 | D:2      | Killed Natasha
  2581 | D:3      | Reached XP level 6. HP: 59/59 MP: 7/11
  2585 | D:3      | Reached skill level 5 in Conjurations
  3634 | D:4      | Found a staircase to the Ecumenical Temple.
  3642 | Temple   | Entered the Ecumenical Temple
  3909 | D:4      | Found a snail-covered altar of Cheibriados.
  3909 | D:4      | Found an iron altar of Okawaru.
  3914 | D:4      | Found a radiant altar of Vehumet.
  3917 | D:4      | Became a worshipper of Cheibriados the Contemplative
  3920 | D:4      | Found a basalt altar of Yredelemnul.
  3922 | D:4      | Found a bloodstained altar of Trog.
  4276 | D:5      | Entered Level 5 of the Dungeon
  4286 | D:5      | Found Otaef's Armour Emporium.
  4398 | D:5      | Noticed a sky beast
  4407 | D:5      | Killed a sky beast
  4407 | D:5      | Reached XP level 7. HP: 66/66 MP: 8/13
  4573 | D:5      | Reached skill level 3 in Fighting
  4573 | D:5      | Reached skill level 1 in Invocations
  4769 | D:5      | Reached * piety under Cheibriados
  4795 | D:5      | Reached skill level 5 in Spellcasting
  4803 | D:5      | Learned a level 4 spell: Iskenderun's Mystic Blast
  5094 | D:5      | Reached XP level 8. HP: 63/75 MP: 1/15
  5718 | D:5      | Found a shimmering altar of Xom.
  5966 | D:6      | Reached ** piety under Cheibriados
  6088 | D:6      | Reached skill level 4 in Fighting
  6668 | D:7      | Found a blossoming altar of Fedhas.
  6683 | D:7      | Noticed a hippogriff
  6693 | D:7      | Killed a hippogriff
  6920 | D:7      | Reached XP level 9. HP: 87/87 MP: 12/18
  7000 | D:7      | Reached skill level 5 in Fighting
  7177 | D:7      | Reached *** piety under Cheibriados
  7797 | D:7      | Noticed a two-headed ogre
  7809 | D:7      | Killed a two-headed ogre
  7809 | D:7      | Reached skill level 1 in Throwing
  7809 | D:7      | Reached skill level 1 in Translocations
  7971 | D:7      | Reached skill level 6 in Fighting
  8449 | D:8      | Reached XP level 10. HP: 37/98 MP: 14/21
  8695 | D:8      | Reached skill level 1 in Maces & Flails
  9097 | D:8      | Reached **** piety under Cheibriados
  9664 | D:8      | Noticed a two-headed ogre
  9673 | D:8      | Killed a two-headed ogre
  9673 | D:8      | Reached skill level 7 in Fighting
  9673 | D:8      | Reached skill level 5 in Invocations
 10871 | D:9      | Reached ***** piety under Cheibriados
 10878 | D:9      | Reached skill level 8 in Fighting
 11035 | D:9      | Noticed a two-headed ogre
 11045 | D:9      | Killed a two-headed ogre
 11045 | D:9      | Reached skill level 1 in Armour
 11045 | D:9      | Reached XP level 11. HP: 48/113 MP: 1/23
 11228 | D:10     | Entered Level 10 of the Dungeon
 11349 | D:10     | Noticed a brown ugly thing
 11353 | D:10     | Killed a brown ugly thing
 11529 | D:10     | Killed an unseen horror
 11529 | D:10     | Reached skill level 5 in Translocations
 11679 | D:10     | Killed an unseen horror
 11679 | D:10     | Reached skill level 9 in Fighting
 12186 | D:11     | Found Icagrusm's Assorted Antiques.
 12260 | D:11     | Noticed a manticore
 12266 | D:11     | Killed a manticore
 12319 | D:11     | Noticed a cyan ugly thing
 12535 | D:11     | Noticed Josephine
 12548 | D:11     | Killed Josephine
 12686 | D:11     | Killed a cyan ugly thing
 12815 | D:11     | Found a staircase to the Lair.
 12874 | D:11     | Noticed a red ugly thing
 12885 | D:11     | Killed a red ugly thing
 12885 | D:11     | Reached XP level 12. HP: 101/126 MP: 2/25
 13102 | D:11     | Learned a level 3 spell: Gell's Gravitas
 13252 | D:11     | Reached skill level 5 in Stealth
 13303 | D:11     | Found a shimmering blue altar of Sif Muna.
 13576 | Lair:1   | Entered Level 1 of the Lair of Beasts
 13694 | Lair:1   | Reached skill level 5 in Short Blades
 13711 | Lair:1   | Noticed a five-headed hydra
 13720 | Lair:1   | Killed a five-headed hydra
 13720 | Lair:1   | Reached skill level 5 in Dodging
 13720 | Lair:1   | Reached skill level 10 in Spellcasting
 13910 | Lair:1   | Noticed Fannar
 13923 | Lair:1   | Killed Fannar
 14335 | Lair:1   | Noticed Prince Ribbit
 14344 | Lair:1   | Killed Prince Ribbit
 14344 | Lair:1   | Reached skill level 10 in Fighting
 15047 | Lair:2   | Noticed Nergalle
 15558 | Lair:2   | Killed Nergalle
 15558 | Lair:2   | Reached ****** piety under Cheibriados
 15984 | Lair:2   | Found a staircase to the Snake Pit.
 16292 | Lair:2   | Reached XP level 13. HP: 108/135 MP: 22/28
 16460 | Lair:2   | Reached skill level 1 in Evocations
 16858 | Lair:2   | Reached skill level 11 in Fighting
 17967 | Lair:3   | Found a staircase to the Shoals.
 19524 | Lair:4   | Reached skill level 10 in Translocations
 20754 | Lair:4   | Learned a level 4 spell: Fulminant Prism
 20870 | Lair:4   | Reached XP level 14. HP: 148/148 MP: 18/30
 21292 | Lair:5   | Found a runed translucent gate.
 21292 | Lair:5   | Found a runed translucent gate.
 21293 | Lair:5   | Noticed Hufinal's ghost (journeyman CeWz)
 21295 | Lair:5   | Found a runed translucent gate.
 21322 | Lair:5   | Reached skill level 1 in Hexes
 22111 | Lair:5   | Reached skill level 12 in Fighting
 22508 | Lair:5   | Killed Hufinal's ghost
 22541 | Lair:5   | Got a warped bone ring
 22543 | Lair:5   | Identified the ring of the Real Monster {+Fly rF+} (You
                  | found it on level 5 of the Lair of Beasts)
 22660 | Lair:6   | Entered Level 6 of the Lair of Beasts
 22716 | Lair:6   | Found a gate leading to a gauntlet.
 22735 | Gauntlet | Entered a Gauntlet
 22735 | Gauntlet | Found a transporter.
 22735 | Gauntlet | Found a transporter.
 22803 | Gauntlet | Found a transporter.
 22805 | Gauntlet | Found a large runed translucent door.
 22806 | Gauntlet | Found a large runed translucent door.
 22806 | Gauntlet | Found a transporter.
 22807 | Gauntlet | Found a large runed translucent door.
 22807 | Gauntlet | Found a large runed translucent door.
 22807 | Gauntlet | Found a transporter.
 22807 | Gauntlet | Found a runed translucent door.
 22807 | Gauntlet | Found a transporter.
 22807 | Gauntlet | Found a runed translucent door.
 22808 | Gauntlet | Found a large runed translucent door.
 22809 | Gauntlet | Found a large runed translucent door.
 22809 | Gauntlet | Found a large runed translucent door.
 22809 | Gauntlet | Found a large runed translucent door.
 22809 | Gauntlet | Found a large runed translucent door.
 22809 | Gauntlet | Found a large runed translucent door.
 22810 | Gauntlet | Found a large runed translucent door.
 22811 | Gauntlet | Found a large runed translucent door.
 22811 | Gauntlet | Found a large runed translucent door.
 22812 | Gauntlet | Found a runed translucent gate.
 22812 | Gauntlet | Found a runed translucent gate.
 22812 | Gauntlet | Found a runed translucent gate.
 22815 | Gauntlet | Found a runed translucent gate.
 22815 | Gauntlet | Found a runed translucent gate.
 22815 | Gauntlet | Found a runed translucent gate.
 22815 | Gauntlet | Found a transporter.
 22817 | Gauntlet | Found a transporter.
 22818 | Gauntlet | Found a transporter.
 22820 | Gauntlet | Found a transporter.
 22828 | Gauntlet | Found a transporter.
 22828 | Gauntlet | Found a transporter.
 22863 | Gauntlet | Found a runed translucent door.
 22912 | Gauntlet | Found a large runed translucent door.
 22915 | Gauntlet | Found a large runed translucent door.
 22915 | Gauntlet | Found a large runed translucent door.
 23263 | Gauntlet | Got a scorched bone ring
 23265 | Gauntlet | Identified the ring "Anouxits" {rC+ MR- Str+5 Int+6} (You
                  | found it in a Gauntlet)
 23318 | Gauntlet | Gained mutation: You tend to lose your temper in combat. [a
                  | neqoxec]
 23319 | Gauntlet | Gained mutation: Scrolls take you a little longer to read.
                  | [a neqoxec]
 23320 | Gauntlet | Gained mutation: Your spells are a little easier to cast,
                  | but a little less powerful. [a neqoxec]
 23321 | Gauntlet | Gained mutation: Armour fits poorly on your strangely
                  | shaped body. [a neqoxec]
 23321 | Gauntlet | Gained mutation: Your magical capacity is low. (-10% MP) [a
                  | neqoxec]
 23324 | Gauntlet | Gained mutation: Your magical capacity is very low. (-20%
                  | MP) [a neqoxec]
 23328 | Gauntlet | Gained mutation: You are weak. (Str -2) [a neqoxec]
 23361 | Gauntlet | Lost mutation: You tend to lose your temper in combat.
                  | [potion of mutation]
 23361 | Gauntlet | Lost mutation: You are weak. (Str -2) [potion of mutation]
 23361 | Gauntlet | Lost mutation: Scrolls take you a little longer to read.
                  | [potion of mutation]
 23361 | Gauntlet | Lost mutation: Your magical capacity is very low. (-20% MP)
                  | [potion of mutation]
 23361 | Gauntlet | Gained mutation: You are occasionally teleported next to
                  | monsters. [potion of mutation]
 23361 | Gauntlet | Gained mutation: Your mind is acute. (Int +2) [potion of
                  | mutation]
 23361 | Gauntlet | Gained mutation: You have sharp toenails. [potion of
                  | mutation]
 23362 | Gauntlet | Lost mutation: Your magical capacity is low. (-10% MP)
                  | [potion of mutation]
 23362 | Gauntlet | Lost mutation: You have sharp toenails. [potion of
                  | mutation]
 23362 | Gauntlet | Gained mutation: Your spells are easier to cast, but less
                  | powerful. [potion of mutation]
 23362 | Gauntlet | Gained mutation: Your skin changes colour to match your
                  | surroundings (Stealth+). [potion of mutation]
 23363 | Gauntlet | Lost mutation: Your spells are easier to cast, but less
                  | powerful. [potion of mutation]
 23363 | Gauntlet | Lost mutation: Armour fits poorly on your strangely shaped
                  | body. [potion of mutation]
 23363 | Gauntlet | Gained mutation: You are agile. (Dex +2) [potion of
                  | mutation]
 23363 | Gauntlet | Lost mutation: Your mind is acute. (Int +2) [potion of
                  | mutation]
 23363 | Gauntlet | Gained mutation: Your movements are slightly less
                  | encumbered by armour. (ER -2) [potion of mutation]
 23364 | Gauntlet | Lost mutation: Your spells are a little easier to cast, but
                  | a little less powerful. [potion of mutation]
 23364 | Gauntlet | Lost mutation: You are occasionally teleported next to
                  | monsters. [potion of mutation]
 23364 | Gauntlet | Gained mutation: You are frail. (-10% HP) [potion of
                  | mutation]
 23364 | Gauntlet | Gained mutation: Your muscles are strong. (Str +2) [potion
                  | of mutation]
 24800 | Lair:6   | Found a staircase to the Slime Pits.
 25041 | Lair:6   | Reached skill level 10 in Invocations
 26018 | Lair:6   | Reached skill level 13 in Fighting
 26018 | Lair:6   | Reached XP level 15. HP: 117/143 MP: 29/33
 27096 | D:12     | Found Afinarrinib's Armour Boutique.
 27132 | D:12     | Noticed Rupert
 27199 | D:12     | Killed Rupert
 27235 | D:12     | Found a staircase to the Orcish Mines.
 28181 | D:13     | Found a frozen archway.
 28190 | IceCv    | Entered an ice cave
 29353 | IceCv    | Reached skill level 14 in Fighting
 29430 | IceCv    | Reached skill level 16 in Fighting
 29430 | IceCv    | Reached XP level 16. HP: 26/162 MP: 3/34
 29432 | IceCv    | Reached skill level 15 in Spellcasting
 30737 | D:13     | Reached skill level 17 in Fighting
 31158 | D:13     | Noticed Jorgrun
 31174 | D:13     | Killed Jorgrun
 31804 | D:13     | Noticed Snorg
 31819 | D:13     | Killed Snorg
 31875 | D:13     | Found a gate to the Vaults.
 32479 | D:14     | Learned a level 4 spell: Airstrike
 32504 | D:14     | Noticed Frances
 32526 | D:14     | Killed Frances
 33148 | D:15     | Entered Level 15 of the Dungeon
 33222 | D:15     | Reached skill level 1 in Air Magic
 33327 | D:15     | Reached XP level 17. HP: 139/172 MP: 29/36
 33727 | D:15     | Found Kisikhla's Jewellery Boutique.
 33824 | D:15     | HP: 6/172 [ice dragon/blast of cold (43)]
 34224 | D:15     | Found a staircase to the Depths.
 35499 | Orc:1    | Entered Level 1 of the Orcish Mines
 35612 | Orc:1    | Found a runed translucent gate.
 35612 | Orc:1    | Found a runed translucent gate.
 35612 | Orc:1    | Found a runed translucent gate.
 35631 | Orc:1    | Identified the Guide on Burning Enchantment
 35682 | Orc:1    | Noticed Qit Vam's ghost (journeyman DDFi)
 35710 | Orc:1    | Killed Qit Vam's ghost
 36590 | Orc:2    | Entered Level 2 of the Orcish Mines
 37712 | Orc:2    | Found a staircase to the Elven Halls.
 38150 | Orc:2    | Reached skill level 18 in Fighting
 38633 | Orc:2    | Found a roughly hewn altar of Beogh.
 38816 | Orc:2    | Found Qiubuoxe's General Store.
 38824 | Orc:2    | Bought a scroll of teleportation for 42 gold pieces
 38854 | Orc:2    | Found Cinupikk's Armour Emporium.
 38863 | Orc:2    | Bought a +1 cloak of poison resistance for 202 gold pieces
 39221 | Orc:2    | Found a roughly hewn altar of Beogh.
 39380 | Orc:2    | Found Mounimoth's Jewellery Emporium.
 39447 | Orc:2    | Found Deper's Distillery.
 39464 | Orc:2    | Bought a potion of heal wounds for 65 gold pieces
 39494 | Orc:2    | Bought the ring "Ahecafot" {rPois MP+9 Str+6} for 657 gold
                  | pieces
 39814 | Snake:1  | Entered Level 1 of the Snake Pit
 39830 | Snake:1  | Reached skill level 10 in Conjurations
 40321 | Snake:1  | Reached skill level 5 in Air Magic
 40330 | Snake:1  | Reached XP level 18. HP: 104/184 MP: 5/39
 41357 | Snake:2  | HP: 6/184 [naga ritualist/+4 dagger of venom (7)]
 41360 | Snake:2  | Shot with a bolt by a naga sharpshooter

Illustrated notes

Levels and vault maps discovered:
D:1:      ldierk_water_garden, layout_basic, minmay_misc_feat_pillars,
          corexii_item_surrounded_by_moat
D:2:      minmay_door_path, layout_loops_ring, bloody_makhleb, uniq_natasha
D:3:      layout_basic
D:4:      layout_rooms, chequers_temple_overflow_minitemple,
          minmay_temple_entry_large_hall
D:5:      layout_loops_ring, basic_altar, serial_shops, shop_fountains,
          hangedman_abyss_or_decor_stagger
D:6:      layout_rooms
D:7:      layout_gridville, lemuel_crystal_altar
D:8:      layout_loops_ring, minmay_manual_mess
D:9:      layout_roguey, hangedman_little_slice_of_home
D:10:     layout_roguey
D:11:     layout_loops_cross, lair_entry_dummy, serial_shops,
          nicolae_shop_stone, minivault_11, led_sif_book, uniq_josephine
D:12:     layout_basic, orc_david_3, uniq_rupert
D:13:     layout_small_grid, david_vaults_2, portal_ice_cave_entry_pillars_1,
          hive_lemuel, uniq_snorg, uniq_jorgrun
D:14:     layout_roguey, minmay_misc_feat_secret_circle, uniq_frances
D:15:     grunt_enter_depths_hoard, layout_loops_ring, serial_shops,
          shop_fountains, roderic_lattice_a, drop_trap
Temple:   regret_index_temple_generic_petals
Lair:1:   layout_regular_city, serial_bayou_ford_a, uniq_fannar,
          uniq_prince_ribbit2
Lair:2:   lemuel_reptile_caves, layout_gridlike, nzn_random_ring, uniq_nergalle
Lair:3:   layout_regular_city, elwin_shoals_entry_rocks, serial_bayou_pond_a
Lair:4:   minmay_lair_oklob_tunnel, layout_long_grid, grunt_megastairs_3,
          serial_bayou_shore_b, lemuel_fruit_tree
Lair:5:   layout_roguey, gammafunk_ghost_hydra_chop, nicolae_lair_yak_garden
Lair:6:   minmay_lair_end_enchanted_forest, layout_hall_layers,
          nicolae_slime_entry_slimehenge, gauntlet_entry_generic, pond
Snake:1:  layout_misc_corridors, st_stairs_3
Snake:2:  gammafunk_its_a_trap, layout_gridlike
Orc:1:    layout_caves, gammafunk_ghost_necromancy, guppyfry_library_mini
Orc:2:    pubby_orc_utopia

Skill      XL: |  1  2  3  4  5  6  7  8  9 10 11 12 13 14 15 16 17 |
---------------+----------------------------------------------------+-----
Conjurations   | 4 5 6 7 8 9 10 | 10.0
Fighting       | 1 2 3 4 6 8 9 10 11 13 16 17 18 | 18.6
Spellcasting   | 3 4 5 6 7 8 9 11 12 14 15 17 | 17.8
Short Blades   | 1 2 3 4 5 6 |  6.2
Dodging        | 2 3 4 5 6 7 |  7.9
Stealth        | 2 3 4 5 6 |  6.1
Invocations    | 1 3 4 5 6 8 9 10 11 | 11.9
Throwing       | 1 2 |  2.2
Translocations | 2 4 6 8 10 11 12 | 12.1
Maces & Flails | 2 |  2.0
Armour         | 1 2 |  2.6
Evocations     | 1 |  1.5
Hexes          | 1 |  1.6
Air Magic      | 1 5 |  5.4
Staves         | |  0.6

Action                   |  1- 3 |  4- 6 |  7- 9 | 10-12 | 13-15 | 16-18 || total
-------------------------+-------+-------+-------+-------+-------+-------++-------
Melee: Unarmed           |     2 |       |       |       |       |       ||     2
       Dagger            |    47 |    45 |   121 |   241 |   350 |    39 ||   843
       Short sword       |     5 |       |       |       |       |       ||     5
       Giant spiked club |       |       |    10 |    31 |       |       ||    41
       Staff             |       |       |       |       |    49 |    29 ||    78
Throw: Dart              |     1 |     3 |    10 |     7 |    13 |    13 ||    47
       Javelin           |       |       |       |       |     1 |       ||     1
 Cast: Magic Dart        |    33 |    57 |    76 |    70 |   159 |    40 ||   435
       Searing Ray       |     2 |    16 |    26 |    61 |    81 |    68 ||   254
       Iskenderun's Myst |       |       |     6 |    46 |   207 |   232 ||   491
       Gell's Gravitas   |       |       |       |    16 |     9 |       ||    25
       Fulminant Prism   |       |       |       |       |    26 |     7 ||    33
       Airstrike         |       |       |       |       |       |   281 ||   281
Invok: Slouch            |       |       |       |     2 |     2 |     1 ||     5
Evoke: Lightning rod     |       |       |       |     4 |     4 |     4 ||    12
       Wand              |       |       |       |     2 |     2 |     6 ||    10
       Tin of tremorston |       |       |       |       |     6 |     6 ||    12
  Use: Scroll            |       |     1 |     7 |    10 |    13 |     2 ||    33
       Potion            |       |       |       |     1 |    13 |     8 ||    22
 Stab: Sleeping          |       |       |     3 |    20 |     6 |     3 ||    32
       Distracted        |       |       |       |       |     1 |       ||     1
       Petrifying        |       |       |       |       |     1 |       ||     1
Armor: Robe              |     9 |     6 |    16 |    51 |   141 |    58 ||   281
       Troll leather arm |       |       |       |    41 |       |       ||    41
       Skin              |       |       |       |       |    11 |    16 ||    27
Dodge: Dodged            |    32 |    24 |   105 |   342 |   495 |   224 ||  1222

Table legend: (Time is in decaauts)
 A = Elapsed time spent in this place.
 B = Non-inter-level travel time spent in this place.
 C = Inter-level travel time spent in this place.
 D = Time resting spent in this place.
 E = Time spent auto-exploring this place.
 F = Levels seen in this place.
 G = Mean time per level.
                   A        B        C        D        E       F      G
               +--------+--------+--------+--------+--------+-----+--------+
         Total |  53764 |  51729 |   2035 |   6857 |  37311 |  28 | 1920.1 |
       Dungeon |  25700 |  24504 |   1196 |   1394 |  20010 |  15 | 1713.3 |
        Temple |    186 |    162 |     24 |      0 |    161 |   1 |  186.0 |
          Lair |  15665 |  14998 |    667 |   2411 |  10404 |   6 | 2610.8 |
     Snake Pit |   1999 |   1961 |     38 |    195 |   1542 |   2 |  999.5 |
  Orcish Mines |   5573 |   5464 |    109 |    429 |   4076 |   2 | 2786.5 |
      Ice Cave |   2684 |   2684 |      0 |   1331 |    936 |   1 | 2684.0 |
      Gauntlet |   1954 |   1954 |      0 |   1096 |    181 |   1 | 1954.0 |
               +--------+--------+--------+--------+--------+-----+--------+

Top non-repeatable levels by time:
   Orc:2: 4202 daAuts
  Lair:4: 3154 daAuts
  Lair:2: 2977 daAuts
    D:15: 2970 daAuts
  Lair:6: 2969 daAuts
  Lair:1: 2784 daAuts
   IceCv: 2684 daAuts
    D:12: 2590 daAuts
    D:13: 2441 daAuts
  Lair:5: 2172 daAuts
     D:7: 2165 daAuts
    D:11: 1985 daAuts
     D:8: 1979 daAuts
Gauntlet: 1954 daAuts
     D:5: 1863 daAuts
